 Dungeon Crawl Stone Soup version 0.31-a0-221-gbddc013574 (webtiles) character file.

Game seed: 8207765999385885702

320 timneilson the Ducker (level 6, -8/47 HPs)
             Began as a Demonspawn Gladiator on July 4, 2023.
             Mangled by an ogre
             ... wielding a +0 giant club
              (33 damage)
             ... on level 4 of the Dungeon.
             The game lasted 00:07:01 (2938 turns).

timneilson the Ducker (Demonspawn Gladiator)        Turns: 2938, Time: 00:07:03

Health: -8/47      AC:  8    Str: 18    XL:     6   Next: 22%
Magic:  6/6        EV: 13    Int: 10    God:
Gold:   133        SH:  0    Dex: 18    Spells: 5/5 levels left

rFire   . . .        k - +7 war axe of Royalism {venom, Str+4}
rCold   + . .        (no shield)
rNeg    . . .        i - +0 ring mail {rC+}
rPois   +            c - +0 helmet
rElec   .            m - +1 cloak of Quantum Leap {Harm rPois Will+}
rCorr   .            (no gloves)
SInv    .            (no boots)
Will    +....        (no amulet)
Stlth   ++           (no ring)
HPRegen 0.27/turn    (no ring)
MPRegen 0.10/turn

%: harm (+30% outgoing, +20% incoming)
@: mighty, studying Dodging
A: thin skeletal structure 1, demonic touch 1
a: no special abilities


You were on level 4 of the Dungeon.
You visited 1 branch of the dungeon, and saw 4 of its levels.

You collected 133 gold pieces.

Inventory:

Hand Weapons
 a - a +0 long sword
 k - the +7 war axe of Royalism (weapon) {venom, Str+4}
   (You found it on level 3 of the Dungeon)

   Str:       It affects your strength (+4).
Missiles
 d - 3 throwing nets (quivered)
 e - a javelin
Armour
 c - a +0 helmet (worn)
 i - a +0 ring mail of cold resistance (worn)
 m - the +1 cloak of Quantum Leap (worn) {Harm rPois Will+}
   (You found it on level 3 of the Dungeon)

   rPois:     It protects you from poison.
   Harm:      It increases damage dealt and taken.
   Will:      It increases your willpower.
Jewellery
 j - a ring of ice
Scrolls
 l - a scroll of revelation
Potions
 b - a potion of ambrosia {unknown}
 f - a potion of might
 g - 2 potions of attraction
 h - 2 potions of curing {unknown}
 n - 3 potions of haste {unknown}


   Skills:
 + Level 3.0 Fighting
 - Level 3.3 Long Blades
 * Level 2.1 Axes
 - Level 1.7 Throwing
 * Level 2.8 Armour
 * Level 4.6 Dodging


You had 5 spell levels left.
You didn't know any spells.
Your spell library contained the following spells:

 Spells                   Type           Power      Damage    Failure   Level
 Ignite Poison            Fire/Tmut/Pois 0%         N/A       89%         3
 Summon Guardian Golem    Hex/Summ       0%         N/A       89%         3
 Sticky Flame             Conj/Fire      0%         2d3       100%        4
 Simulacrum               Ice/Necr       0%         N/A       100%        6
 Orb of Destruction       Conj           0%         9d5       100%        7
 Ozocubu's Refrigeration  Ice            0%         4d7       100%        7
 Spellforged Servitor     Conj/Summ      0%         N/A       100%        7
 Ignition                 Fire           0%         3d3       100%        8
 Polar Vortex             Ice            0%         N/A       100%        9


Dungeon Overview and Level Annotations

Branches:
Dungeon (4/15)
 Temple: D:4-7

Altars:

Shops:
D:2 :


Innate Abilities, Weirdness & Mutations

You have a somewhat thin skeletal structure. (Dex +2, Stealth+)
Your touch may inflict minor irresistible damage on your foes.


Message History

You slash the orc!
You kill the orc!
A hound comes into view.
The orc priest hits you but does no damage.
The orc barely misses you.
The hound barks!
You slash the orc priest! Your touch misses the orc priest.
The orc priest is almost dead.
You slash the orc!
You kill the orc!
You slash the endoplasm!
You kill the endoplasm!
You hear a shout!
An ogre comes into view. It is wielding a +0 giant club.
The orc priest hits you with a +0 club.
You slash the orc priest!
You kill the orc priest!
You hit the orc priest. The hound completely misses you.
The orc priest barely misses you. The hound bites you.
Your Fighting skill increases to level 3!
Your Axes skill increases to level 2!
You have reached level 6!
You feel very mighty all of a sudden.
The orc priest invokes the aid of Beogh against you.
You resist with some effort. The hound completely misses you.
You slash the hound!
The hound is poisoned.
The hound is almost dead.
You closely miss the orc priest.
You kill the hound!
The orc priest hits you but does no damage.
The ogre closely misses you.
The orc priest mumbles some strange prayers to Beogh against you.
Beogh smites you!
You slash the ogre!
The ogre is poisoned.
Your touch misses the ogre.
The ogre is heavily wounded.
You slice the orc priest!!
You kill the orc priest!
The ogre hits you with a +0 giant club!!
Ouch! That really hurt!
You die...

#.... #.# ..### #.#
###.### ..... ###...###
...?... .. #.O)# .# #@#
.# #.# .# #.# .# #.# .#
######.# #. .# #......#
#.#
.######.###.#.#..######.#
.....................##.#
..#####.###.#.#.####.##..


You could see an ogre (very poisoned).

Vanquished Creatures
  A phantom (D:4)
  2 orc priests (D:4)
  A hound (D:4)
  An iguana (D:4)
  An orc wizard (D:4)
  4 adders
  A worm (D:3)
  3 dart slugs
  11 orcs
  7 endoplasms
  3 giant cockroaches
  11 hobgoblins
  2 jackals (D:1)
  7 kobolds
  3 quokkas
  9 ball pythons
  2 bats
  3 frilled lizards
  7 goblins
  3 rats
82 creatures vanquished.

Notes
Turn   | Place    | Note
-------+----------+-------------------------------------------
     0 | D:1      | timneilson the Demonspawn Gladiator began the quest for the
                  | Orb.
     0 | D:1      | Reached XP level 1. HP: 16/16 MP: 1/1
   311 | D:1      | Gained mutation: Your touch may inflict minor irresistible
                  | damage on your foes. [demonic ancestry]
   311 | D:1      | Reached XP level 2. HP: 22/22 MP: 2/2
   622 | D:1      | Reached skill level 1 in Armour
   624 | D:1      | Reached skill level 3 in Dodging
   992 | D:2      | Reached XP level 3. HP: 24/27 MP: 3/3
  1139 | D:2      | Found Ditoogik's Book Boutique.
  1814 | D:3      | Reached XP level 4. HP: 34/34 MP: 4/4
  1989 | D:3      | Identified the +1 cloak of Quantum Leap {Harm rPois Will+}
  2033 | D:3      | Identified the +7 war axe of Royalism {venom, Str+4}
  2372 | D:3      | Identified a scroll of acquirement
  2372 | D:3      | Acquired a manual of Dodging
  2591 | D:4      | Reached skill level 1 in Axes
  2613 | D:4      | Gained mutation: You have a somewhat thin skeletal
                  | structure. (Dex +2, Stealth+) [demonic ancestry]
  2613 | D:4      | Reached XP level 5. HP: 39/39 MP: 5/5
  2683 | D:4      | Noticed a phantom
  2687 | D:4      | Reached skill level 4 in Dodging
  2687 | D:4      | Killed a phantom
  2934 | D:4      | Noticed an ogre
  2936 | D:4      | Reached XP level 6. HP: 42/47 MP: 6/6
  2938 | D:4      | Mangled by an ogre

Illustrated notes

Levels and vault maps discovered:
D:1:      psy_arrival_terrarium, layout_loops_corners
D:2:      layout_basic, serial_shops, shop
D:3:      layout_basic
D:4:      layout_loops_ring, glass_columns_a

Skill      XL: |  1  2  3  4  5 |
---------------+----------------+-----
Long Blades    | 3 |  3.3
Armour         | 1 2 |  2.8
Dodging        | 3 4 |  4.6
Axes           | 1 2 |  2.1
Fighting       | 3 |  3.0
Throwing       | |  1.7

Action                     |  1- 3 |  4- 6 || total
---------------------------+-------+-------++-------
  Melee: Long sword        |   100 |    15 ||   115
         Touch             |    15 |     6 ||    21
         Punch             |     1 |     1 ||     2
         War axe           |       |    44 ||    44
    Use: Scroll            |     5 |     5 ||    10
         Potion            |       |     1 ||     1
   Stab: Sleeping          |     1 |     1 ||     2
 Armour: Leather armour    |    28 |    13 ||    41
         Ring mail         |       |     9 ||     9
  Dodge: Dodged            |    67 |    32 ||    99

Table legend: (Time is in decaauts)
 A = Elapsed time spent in this place.
 B = Non-inter-level travel time spent in this place.
 C = Inter-level travel time spent in this place.
 D = Time resting spent in this place.
 E = Time spent auto-exploring this place.
 F = Levels seen in this place.
 G = Mean time per level.
                   A        B        C        D        E       F      G
               +--------+--------+--------+--------+--------+-----+--------+
         Total |   2984 |   2891 |     93 |     43 |   2274 |   4 |  746.0 |
       Dungeon |   2984 |   2891 |     93 |     43 |   2274 |   4 |  746.0 |
               +--------+--------+--------+--------+--------+-----+--------+

Top non-repeatable levels by time:
     D:1: 936 daAuts
     D:3: 874 daAuts
     D:2: 669 daAuts
     D:4: 505 daAuts
